AoeStats
← 云层贩卖心动

Arena

509092306Analyzed
1v1 RM · 8d ago on Sep 25, 2026· 25m 23s· 2 players
Game mode
Random Map
Map size
Tiny (2 player)
Population
200
Speed
Normal
Resources
Standard
Victory
Conquest
Starting age
Dark Age
Ending age
Imperial Age
RankedLock teamsTeams togetherTeam positionsShared explorationLock speedFull tech treeHidden civsTurbo modeCheats
Victory
Defeat
🇨🇳 Koreans · China
1035
+34
🇮🇳 Mongols · India
1031
-26
WhoElse
9:57 Feudal Age
11:44 Double-Bit Axe
14:05 Castle Age
12:17 Horse Collar
15:33 Bow Saw
21:23 Wheelbarrow
21:54 Fletching
22:56 Bodkin Arrow
云层贩卖心动
10:53 Feudal Age
12:37 Double-Bit Axe
14:54 Castle Age
15:36 Fletching
16:27 Horse Collar
17:01 Bow Saw
17:26 Gold Mining
19:18 Bodkin Arrow
25:44 Gold Mining
Connection lost

Rejoining the realm…

Still unreachable

The connection could not be restored.

Session expired

The server has moved on; the page needs a fresh start.